 Dungeon Crawl Stone Soup version 0.17-a0-1979-g1c74939 (webtiles) character file.

11305 ardent99 the Nimble (level 12, -3/74 HPs)
             Began as a Human Fire Elementalist on Oct 5, 2015.
             Was an Elder of Vehumet.
             Slain by a four-headed hydra (8 damage)
             ... on level 11 of the Dungeon.
             The game lasted 01:20:19 (15098 turns).

ardent99 the Nimble (Human Fire Elementalist)      Turns: 15098, Time: 01:20:21

Health: -3/74      AC:  7    Str:  8    XL:     12   Next: 6%
Magic:  20/24      EV: 18    Int: 21    God:    Vehumet [****..]
Gold:   654        SH:  0    Dex: 14    Spells: 7 memorised, 6 levels left

rFire  . . .     SeeInvis .     D - +5 quarterstaff (chaos)
rCold  . . .     Clarity  .     a - +0 robe
rNeg   . . .     SustAt   +     (no shield)
rPois  .         Gourm    .     (no helmet)
rElec  .         Spirit   .     E - +0 cloak
rCorr  .         Warding  .     c - +0 pair of gloves
rMut   .         Stasis   +     (no boots)
MR     .....                    H - amulet of stasis
Stlth  ++........               G - +3 ring of protection
                                v - ring of sustain attributes

@: not resistant to hostile enchantments, unstealthy
A: no striking features
a: Renounce Religion


You were on level 11 of the Dungeon.
You worshipped Vehumet.
Vehumet was greatly pleased with you.
You were not hungry.

You visited 2 branches of the dungeon, and saw 12 of its levels.

You collected 654 gold pieces.

Inventory:

Hand Weapons
 d - a +3 dagger of electrocution
 D - a +5 quarterstaff of chaos (weapon)
Armour
 a - a +0 robe (worn)
 c - a +0 pair of gloves (worn)
 E - a +0 cloak (worn)
Jewellery
 q - an uncursed ring of ice
 v - a ring of sustain attributes (left hand)
 G - a +3 ring of protection (right hand)
 H - an amulet of stasis (around neck)
 K - a cursed amulet of inaccuracy {unknown}
 N - an uncursed amulet of the gourmand {unknown}
Wands
 h - a wand of invisibility (4)
 s - a wand of slowing (35)
 R - a wand of confusion (20)
 S - a wand of polymorph (16)
 Y - a wand of teleportation (4)
Scrolls
 o - a scroll of identify
 x - a scroll of random uselessness
 A - 5 scrolls of teleportation
 C - 3 scrolls of amnesia
 I - a scroll of noise
 O - a scroll of recharging
 Q - 3 scrolls of remove curse
 U - a scroll of blinking
Potions
 i - 2 potions of flight
 k - 2 potions of brilliance
 m - a potion of cure mutation
 n - 2 potions of might
 t - a potion of haste
 B - 2 potions of agility
 J - a potion of degeneration {unknown}
 W - a potion of poison
Books
 b - a book of Flames

   Spells                             Type                      Level
   a - Flame Tongue                   Conjuration/Fire             1
   b - Throw Flame                    Conjuration/Fire             2
   c - Conjure Flame                  Conjuration/Fire             3
   d - Inner Flame                    Hexes/Fire                   3
   e - Sticky Flame                   Conjuration/Fire             4
   f - Fireball                       Conjuration/Fire             5
 e - a book of Spatial Translocations

   Spells                             Type                      Level
   a - Apportation                    Translocation                1
   b - Blink                          Translocation                2
   c - Shroud of Golubria             Charms/Translocation         2
   d - Portal Projectile              Translocation                3
   e - Teleport Other                 Translocation                3
   f - Passage of Golubria            Translocation                4
 f - a book of Fire

   Spells                             Type                      Level
   a - Ignite Poison                  Fire/Transmutation/Poison    3
   b - Fireball                       Conjuration/Fire             5
   c - Bolt of Fire                   Conjuration/Fire             6
   d - Delayed Fireball               Conjuration/Fire             7
   e - Ring of Flames                 Charms/Fire                  7
 j - a book of the Earth

   Spells                             Type                      Level
   a - Leda's Liquefaction            Hexes/Earth                  4
   b - Bolt of Magma                  Conjuration/Fire/Earth       5
   c - Statue Form                    Transmutation/Earth          6
   d - Iron Shot                      Conjuration/Earth            6
   e - Shatter                        Earth                        9
 z - a Young Poisoner's Handbook

   Spells                             Type                      Level
   a - Sting                          Conjuration/Poison           1
   b - Cure Poison                    Poison                       2
   c - Mephitic Cloud                 Conjuration/Poison/Air       3
   d - Olgreb's Toxic Radiance        Poison                       4
   e - Venom Bolt                     Conjuration/Poison           5
 P - a book of Clouds

   Spells                             Type                      Level
   a - Mephitic Cloud                 Conjuration/Poison/Air       3
   b - Conjure Flame                  Conjuration/Fire             3
   c - Poisonous Cloud                Conjuration/Poison/Air       6
   d - Freezing Cloud                 Conjuration/Ice/Air          6
   e - Ring of Flames                 Charms/Fire                  7
Miscellaneous
 p - a sack of spiders
 M - a plain deck of defence {drawn: 3}
Comestibles
 g - 4 chunks of flesh
 l - a beef jerky
 r - 3 meat rations
 u - 6 fruits
 w - 4 bread rations
 F - 8 slices of pizza


   Skills:
 - Level 3.3 Short Blades
 - Level 6.1 Staves
 + Level 10.5 Dodging
 - Level 2.0 Stealth
 - Level 8.2 Spellcasting
 - Level 7.0 Conjurations
 - Level 5.0 Fire Magic
 - Level 5.2 Earth Magic
 - Level 3.0 Poison Magic


You had 6 spell levels left.
You knew the following spells:

 Your Spells              Type           Power        Failure   Level  Hunger
a - Flame Tongue          Conj/Fire      ####.        1%          1    None
b - Searing Ray           Conj           #####.       1%          2    None
c - Sticky Flame          Conj/Fire      ####....     2%          4    ###....
d - Fireball              Conj/Fire      ####......   5%          5    #####..
e - Sting                 Conj/Pois      ####         1%          1    None
f - Mephitic Cloud        Conj/Pois/Air  ###.....     2%          3    None
g - Bolt of Magma         Conj/Fire/Erth ####......   7%          5    #####..


Dungeon Overview and Level Annotations

Branches:
Dungeon (12/15)            Temple (1/1) D:4             Orc (0/4) D:9
   Lair: D:8-11

Altars:
Ashenzari
Cheibriados
Dithmenos
Elyvilon
Fedhas
Gozag
Kikubaaqudgha
Makhleb
Nemelex Xobeh
Okawaru
Qazlal
Ru
Sif Muna
Trog
Vehumet
Xom
Yredelemnul
Zin
The Shining One

Shops:
D:9 [(!


Message History

* * * LOW HITPOINT WARNING * * *
The four-headed hydra bites you!
* * * LOW HITPOINT WARNING * * *
The four-headed hydra bites you.
* * * LOW HITPOINT WARNING * * *
You climb upwards.
There is a stone staircase leading down here.
Casting: Sticky Flame
Confirm with . or Enter, or press ? or * to list all spells.
Aiming: Sticky Flame
Press: ? - help, Shift-Dir - straight line, f - four-headed hydra
Aim: a four-headed hydra The sticky flame hits the four-headed hydra.
The four-headed hydra is lightly wounded.
The four-headed hydra is covered in liquid flames!
The four-headed hydra burns!
The yak misses you.
The four-headed hydra bites you but does no damage.
The four-headed hydra barely misses you.
The four-headed hydra bites you!
You die...

#........#
+........#
#........#
#........#
#........#
#........#
#.<......#
#.DYY<...#
#..@.....#
###+######


You could see a four-headed hydra (burning) and 2 yaks.

Vanquished Creatures
  4 hill giants
  A cyclops (D:12)
  A manticore (D:12)
  Grinder (D:4)
  2 trolls
  A human (D:8)
  A hippogriff (D:8)
  Eustachio (D:6)
  A basilisk (D:8)
  17 yaks
  A hog (D:12)
  A hungry ghost (D:8)
  4 orc warriors
  An eye of draining (D:11)
  5 sky beasts
  A necrophage (D:7)
  4 ogres
  3 black bears
  A wasp (D:8)
  A crocodile (D:8)
  8 centaurs
  2 phantoms (D:7)
  7 giant frogs
  2 scorpions
  8 killer bees
  2 jellies
  An electric eel (D:7)
  4 crimson imps
  9 hounds
  A quasit (D:9)
  An iguana (D:9)
  3 orc priests
  A giant frog skeleton (D:7)
  Crazy Yiuf (D:5)
  A centaur skeleton (D:4)
  2 orc wizards
  A giant frog zombie (D:8)
  5 worker ants
  2 hell rats (D:6)
  A hound zombie (D:7)
  A hound skeleton (D:5)
  13 adders
  3 river rats (D:6)
  3 shadow imps
  2 adder skeletons
  An adder zombie (D:8)
  A worm (D:5)
  4 giant geckos
  36 orcs
  8 giant cockroaches
  8 goblins
  5 hobgoblins
  5 quokkas
  2 ball pythons
  5 bats
  5 giant newts
  20 jackals
  8 kobolds
  32 rats
276 creatures vanquished.

Vanquished Creatures (others)
  A hobgoblin (D:1)
  7 plants (D:11)
8 creatures vanquished.

Grand Total: 284 creatures vanquished

Notes
Turn   | Place    | Note
--------------------------------------------------------------
     0 | D:1      | ardent99 the Human Fire Elementalist began the quest for the Orb.
     0 | D:1      | Reached XP level 1. HP: 13/13 MP: 3/3
   234 | D:1      | Reached XP level 2. HP: 19/19 MP: 1/5
   692 | D:1      | Reached XP level 3. HP: 24/24 MP: 3/6
   962 | D:2      | Reached skill level 4 in Fire Magic
  1018 | D:2      | Reached XP level 4. HP: 13/30 MP: 5/7
  1175 | D:2      | Learned a level 3 spell: Conjure Flame
  1179 | D:2      | Learned a level 3 spell: Inner Flame
  2181 | D:3      | Reached skill level 5 in Fire Magic
  2181 | D:3      | Reached XP level 5. HP: 31/35 MP: 2/8
  3508 | D:4      | Found a staircase to the Ecumenical Temple.
  3515 | Temple   | Entered the Ecumenical Temple
  3656 | Temple   | Became a worshipper of Vehumet
  3939 | D:4      | Reached XP level 6. HP: 38/41 MP: 6/9
  4205 | D:4      | Noticed Grinder
  4220 | D:4      | Killed Grinder
  4220 | D:4      | Reached skill level 5 in Conjurations
  4220 | D:4      | Reached XP level 7. HP: 33/46 MP: 0/10
  4725 | D:5      | Entered Level 5 of the Dungeon
  4858 | D:5      | Learned a level 4 spell: Sticky Flame
  4876 | D:5      | Reached skill level 6 in Conjurations
  5325 | D:5      | Reached skill level 1 in Short Blades
  5844 | D:5      | Reached XP level 8. HP: 47/52 MP: 5/12
  6080 | D:5      | Learned a level 5 spell: Fireball
  6387 | D:5      | Noticed Crazy Yiuf
  6394 | D:5      | Killed Crazy Yiuf
  6610 | D:5      | Reached skill level 1 in Staves
  6861 | D:6      | Acquired Vehumet's first power
  6861 | D:6      | Offered knowledge of Sandblast by Vehumet.
  7001 | D:6      | Noticed Eustachio
  7007 | D:6      | Killed Eustachio
  7109 | D:6      | Learned a level 1 spell: Sting
  7120 | D:6      | Found a bloodstained altar of Trog.
  7133 | D:6      | Reached skill level 1 in Poison Magic
  7140 | D:6      | Reached XP level 9. HP: 32/57 MP: 11/15
  7198 | D:6      | Gained mutation: Your spells are a little easier to cast, but a little less powerful. [potion of mutation]
  7198 | D:6      | Gained mutation: You are occasionally teleported to nearby monsters. [potion of mutation]
  7198 | D:6      | Lost mutation: Your spells are a little easier to cast, but a little less powerful. [potion of mutation]
  7208 | D:6      | Lost mutation: You are occasionally teleported to nearby monsters. [potion of cure mutation]
  7592 | D:6      | Found a glowing golden altar of the Shining One.
  7788 | D:6      | Reached skill level 5 in Spellcasting
  7793 | D:6      | Learned a level 3 spell: Mephitic Cloud
  7957 | D:6      | Offered knowledge of Magic Dart by Vehumet.
  8970 | D:7      | Reached skill level 7 in Conjurations
  9257 | D:7      | Offered knowledge of Searing Ray by Vehumet.
  9263 | D:7      | Learned a level 2 spell: Searing Ray
  9604 | D:8      | Reached XP level 10. HP: 46/63 MP: 8/19
 10013 | D:8      | Reached skill level 5 in Dodging
 10081 | D:8      | Acquired Vehumet's second power
 10090 | D:8      | Learned a level 5 spell: Bolt of Magma
 10762 | D:8      | Reached skill level 8 in Spellcasting
 11234 | D:9      | Reached skill level 1 in Earth Magic
 11376 | D:9      | Offered knowledge of Fulminant Prism by Vehumet.
 11385 | D:9      | Found Miuf's Weapon Shop.
 11388 | D:9      | Found a staircase to the Orcish Mines.
 11388 | D:9      | Found Zextad's Armour Shop.
 11649 | D:9      | Found Menoloca's Distillery.
 12147 | D:9      | Reached skill level 5 in Earth Magic
 12147 | D:9      | Reached XP level 11. HP: 68/68 MP: 11/23
 12354 | D:8      | Reached skill level 5 in Staves
 12874 | D:9      | Found an opulent altar of Gozag.
 12875 | D:9      | Found a burning altar of Makhleb.
 12877 | D:9      | Found a deep blue altar of Sif Muna.
 12879 | D:9      | Found a shadowy altar of Dithmenos.
 12879 | D:9      | Found a shattered altar of Ashenzari.
 12927 | D:9      | Found an iron altar of Okawaru.
 13128 | D:9      | You fall through a shaft for 3 floors!
 13321 | D:12     | Acquired Vehumet's third power
 13481 | D:11     | Noticed a cyclops
 13813 | D:12     | Noticed a manticore
 13815 | D:12     | Killed a cyclops
 13856 | D:12     | Offered knowledge of Irradiate by Vehumet.
 13895 | D:12     | Noticed a cyan ugly thing
 14153 | D:12     | Killed a manticore
 14525 | D:12     | Noticed a hill giant
 14540 | D:12     | Killed a hill giant
 14540 | D:12     | Reached skill level 9 in Dodging
 14577 | D:12     | Noticed a hill giant
 14587 | D:12     | Killed a hill giant
 14655 | D:12     | Noticed a hill giant
 14677 | D:12     | Killed a hill giant
 14864 | D:12     | Reached skill level 10 in Dodging
 14889 | D:12     | Noticed a four-headed hydra
 14962 | D:11     | Noticed a hill giant
 14970 | D:11     | Killed a hill giant
 14970 | D:11     | Reached XP level 12. HP: 56/74 MP: 5/24
 15098 | D:11     | Slain by a four-headed hydra

Vault maps used:
D:1:      grunt_arrival_crossed_arrows, wad_floor_pattern_2,
          serial_bayou_pond_a, lemuel_old_faithful
D:3:      serial_co_window_serial, co_window_paths_a, co_window_corner_a,
          co_window_corner_a, co_window_paths_b, co_window_paths_a,
          co_window_cross_3, co_window_broadway_b, co_window_corner_cb,
          co_window_unsneaky_path_c, co_window_4corner_a, co_window_4corner_b,
          glass_columns_c
D:4:      minmay_temple_entry_purple_smoke, first_bread, uniq_grinder
D:5:      uniq_crazy_yiuf_cottage
D:6:      lemuel_ratsnest, bloody_trog, nicolae_tso_swordbearing_angel,
          uniq_eustachio
D:7:      kennysheep_big_flooded_room
D:8:      minmay_ornate_pinched, grunt_pizzeria
D:9:      grunt_temple_overflow_open, orc_david_3, serial_shops, shop
D:11:     serial_bayou_lake_a, uniq_erica
D:12:     serial_column_ruins, column_ruins_open_medium,
          column_ruins_open_small_water, column_ruins_columns_water,
          column_ruins_corridor_corner, column_ruins_columns_straight,
          column_ruins_grid_3, uniq_kirke
Temple:   oiseaux_autumnal_temple_12

Action                   |  1- 3 |  4- 6 |  7- 9 | 10-12 || total
-------------------------+-------+-------+-------+-------++-------
Melee: Dagger            |    25 |    12 |     1 |       ||    38
       Quarterstaff      |       |       |     1 |    13 ||    14
 Cast: Flame Tongue      |    34 |   102 |   227 |   129 ||   492
       Sticky Flame      |       |       |    13 |    50 ||    63
       Sting             |       |       |    30 |    65 ||    95
       Searing Ray       |       |       |       |    22 ||    22
       Bolt of Magma     |       |       |       |     8 ||     8
       Mephitic Cloud    |       |       |       |     2 ||     2
Evoke: Deck              |       |       |       |     3 ||     3
       Wand              |       |       |       |     1 ||     1
  Use: Scroll            |       |     7 |    15 |     5 ||    27
       Potion            |       |       |     2 |     6 ||     8
  Eat: Chunk             |     1 |     9 |    12 |    14 ||    36
       Bread ration      |       |     1 |     1 |     1 ||     3
       Pizza             |       |       |     1 |     3 ||     4
       Beef jerky        |       |       |       |     1 ||     1
